 Dungeon Crawl Stone Soup version 0.16-a0-3992-g631dd12 (webtiles) character file.

135 kudryavka the Slasher (level 5, -4/34 HPs)
             Began as a Halfling Skald on Feb 12, 2015.
             Was an Initiate of Nemelex Xobeh.
             Shot with an arrow by a centaur (15 damage)
             ... on level 5 of the Dungeon.
             The game lasted 00:15:11 (3442 turns).

kudryavka the Slasher (Halfling Skald)              Turns: 3442, Time: 00:15:11

Health: -4/34      AC:  6    Str: 12    XL:     5   Next: 41%
Magic:  7/7        EV: 12    Int: 11    God:    Nemelex Xobeh [......]
Gold:   208        SH:  0    Dex: 15    Spells: 3 memorised, 0 levels left

rFire  . . .     SeeInvis .     m - +0 long sword
rCold  . . .     Clarity  .     w - +0 ring mail
rNeg   . . .     SustAb   .     (no shield)
rPois  .         Gourm    .     (no helmet)
rElec  .         Spirit   .     B - +0 cloak
rCorr  .         Warding  .     (no gloves)
rMut   .         Stasis   .     (no boots)
MR     .....                    (no amulet)
Stlth  +.........               (no ring)
                                (no ring)

@: very slightly contaminated, not resistant to hostile enchantments, very
unstealthy
A: mutation resistance 1
a: Renounce Religion


You were on level 5 of the Dungeon.
You worshipped Nemelex Xobeh.
Nemelex Xobeh was noncommittal.
You were very hungry.

You visited 2 branches of the dungeon, and saw 6 of its levels.

You collected 208 gold pieces.

Inventory:

Hand weapons
 a - a +0 falchion
 m - a +0 long sword (weapon)
 o - a +2 rapier of venom
 q - a +0 hunting sling
Missiles
 r - 36 stones (quivered)
 y - 23 sling bullets
Armour
 b - a +0 leather armour
 n - a +0 leather armour
 w - a +0 ring mail (worn)
 B - a +0 cloak (worn)
Jewellery
 f - an uncursed ring of sustain abilities {unknown}
 v - a +4 ring of dexterity {unknown}
Scrolls
 j - 4 scrolls of identify
 s - 2 scrolls of remove curse
 t - 3 scrolls of fog
Potions
 e - 3 potions of heal wounds
 g - a potion of agility
 h - 3 potions of curing
 i - 4 potions of brilliance
 C - 2 potions of restore abilities {unknown}
Books
 c - a book of Battle

   Spells                             Type                      Level
   a - Infusion                       Charms                       1
   b - Shroud of Golubria             Charms/Translocation         2
   c - Song of Slaying                Charms                       2
   d - Spectral Weapon                Hexes/Charms                 3
   e - Regeneration                   Charms/Necromancy            3
Comestibles
 d - a bread ration
 k - 2 fruits
 l - 2 meat rations
 p - 2 royal jellies
 z - a beef jerky


   Skills:
 - Level 1.7 Fighting
 * Level 5.1 Long Blades
 - Level 1.1 Armour
 - Level 1.1 Dodging
 - Level 1.5 Spellcasting
 + Level 3.4 Charms


You couldn't memorise any spells.
You knew the following spells:

 Your Spells              Type           Power        Failure   Level  Hunger
a - Infusion              Chrm           #.....       21%         1    ##.....
b - Regeneration          Chrm/Necr      #.........   90%         3    ####...
c - Spectral Weapon       Hex/Chrm       #.......     90%         3    ####...


Dungeon Overview and Level Annotations

Branches:
Dungeon (5/15)             Temple (1/1) D:4

Altars:
Elyvilon
Fedhas
Gozag
Kikubaaqudgha
Makhleb
Nemelex Xobeh
Okawaru
Ru
Sif Muna
Trog
Vehumet
Xom
Yredelemnul
Zin
The Shining One


Innate Abilities, Weirdness & Mutations

You are small and have problems with some larger weapons.
You are somewhat resistant to further mutation.


Message History

Things that are here:
a short sword; 2 stones; a kobold corpse A centaur comes into view.
The centaur wields a shortbow.
The centaur shoots an arrow.
The arrow hits you but does no damage.
You see here an arrow.
The centaur shoots an arrow.
The arrow hits you.
You see here an arrow.
Nemelex Xobeh grants you a gift! Something appears at your feet!
A scorpion comes into view.
The centaur shoots an arrow.
The arrow barely misses you.
The centaur shoots an arrow.
The arrow hits you!
Things that are here:
an arrow; a plain deck of destruction You see here an arrow.
The centaur shoots an arrow.
The arrow hits you.
The centaur shoots an arrow.
The arrow hits you!
You die...
Your body disappears without a glow.

##.#.# # ...#<######...
#..#.......(.#
#..#.######... #..#.# .#
#..#.# .# ###
#.#.#..#.#######.##....
#.......(..........c....
#..........).((@..#
.....>.......(.......#
##.#######.............
# #.######.#..## ..(. .#
.# ###.## ## # #.. ... .


You could see a centaur.

Vanquished Creatures
  An orc priest (D:3)
  2 giant mites (D:2)
  A worm (D:3)
  4 giant geckos
  2 orcs (D:3)
  A ball python (D:2)
  6 giant cockroaches
  11 goblins
  6 hobgoblins
  2 oozes
  5 quokkas
  11 bats
  A giant gecko skeleton (D:4)
  3 giant newts
  7 kobolds
  13 rats
  A toadstool (D:1)
77 creatures vanquished.

Vanquished Creatures (others)
  3 toadstools (D:1)
3 creatures vanquished.

Grand Total: 80 creatures vanquished

Notes
Turn   | Place    | Note
--------------------------------------------------------------
     0 | D:1      | kudryavka, the Halfling Skald, began the quest for the Orb.
     0 | D:1      | Reached XP level 1. HP: 14/14 MP: 2/2
   230 | D:1      | Reached XP level 2. HP: 17/19 MP: 3/3
   777 | D:2      | Reached XP level 3. HP: 18/24 MP: 5/5
  1375 | D:2      | Reached XP level 4. HP: 27/29 MP: 6/6
  1394 | D:2      | Reached skill level 4 in Long Blades
  1993 | D:3      | Reached XP level 5. HP: 25/34 MP: 7/7
  2331 | D:3      | Reached skill level 5 in Long Blades
  2708 | D:4      | Found a staircase to the Ecumenical Temple.
  2713 | Temple   | Entered the Ecumenical Temple
  3159 | D:4      | Found an opulent altar of Gozag.
  3297 | D:4      | Found a sparkling altar of Nemelex Xobeh.
  3297 | D:4      | Found a radiant altar of Vehumet.
  3380 | D:4      | Became a worshipper of Nemelex Xobeh the Trickster
  3417 | D:4      | Learned a level 3 spell: Regeneration
  3421 | D:4      | Learned a level 3 spell: Spectral Weapon
  3423 | D:5      | Entered Level 5 of the Dungeon
  3438 | D:5      | Noticed a centaur
  3440 | D:5      | Received a gift from Nemelex Xobeh
  3442 | D:5      | Shot with an arrow by a centaur

Action                   |  1- 3 |  4- 6 || total
-------------------------+-------+-------++-------
Melee: Falchion          |    55 |       ||    55
       Long sword        |    51 |   126 ||   177
Throw: Stone             |       |     1 ||     1
 Cast: Infusion          |       |     2 ||     2
  Use: Scroll            |       |    11 ||    11
  Eat: Chunk             |     1 |     6 ||     7
